 Dungeon Crawl Stone Soup version 0.29.0-4-gdea44cf6ec (webtiles) character file.

Game seed: 2079983506255846732

91 qw the Chopper (level 4, -7/26 HPs)
             Began as a Tengu Warper on Aug 28, 2022.
             Killed by nerve-wracking pain
             ... invoked by Grinder
              (9 damage)
             ... on level 3 of the Dungeon.
             The game lasted 00:00:16 (3190 turns).

qw the Chopper (Tengu Warper)                       Turns: 3190, Time: 00:00:17

Health: -7/26      AC:  5    Str: 13    XL:     4   Next: 59%
Magic:  8/8        EV: 10    Int: 13    God:
Gold:   122        SH:  7    Dex: 14    Spells: 7/7 levels left

rFire   . . .      SeeInvis .   h - +1 hand axe (vamp)
rCold   . . .      Faith    .   a - +3 buckler "Zamaewk" {rElec Stlth+}
rNeg    . . .      Spirit   .   g - +0 ring mail
rPois   .          Reflect  .   (helmet restricted)
rElec   +          Harm     .   (no cloak)
rCorr   .          Rampage  .   (no gloves)
Will    .....                   (boots unavailable)
Stlth   ++........              f - amulet of the acrobat
HPRegen 0.08/turn               (no ring)
MPRegen 0.11/turn               (no ring)

@: no status effects
A: beak, talons 3
a: no special abilities


You were on level 3 of the Dungeon.
You visited 1 branch of the dungeon, and saw 3 of its levels.

You collected 122 gold pieces.


Innate Abilities, Weirdness & Mutations

You have a beak for a mouth.
You have claws for feet.


   Skills:
 - Level 2.0 Fighting
 + Level 4.9 Axes
 - Level 1.0 Throwing
 - Level 1.1 Armour
 - Level 2.1 Dodging
 - Level 1.0 Shields
 - Level 2.0 Spellcasting
 - Level 2.4 Translocations


You had 7 spell levels left.
You didn't know any spells.
Your spell library contained the following spells:

 Spells                   Type           Power      Damage    Failure   Level
 Blink                    Tloc           14%        N/A       38%         2
 Gell's Gravitas          Tloc           7%         N/A       63%         3
 Lesser Beckoning         Tloc           7%         N/A       63%         3
 Teleport Other           Tloc           7%         N/A       63%         3
 Manifold Assault         Tloc           7%         N/A       100%        5

Inventory:

Hand Weapons
 e - a +0 mace
 h - a +1 vampiric hand axe (weapon)
Armour
 a - the +3 buckler "Zamaewk" (worn) {rElec Stlth+}
   (You acquired it on level 1 of the Dungeon)

   rElec:     It insulates you from electricity.
   Stlth:     It makes you more stealthy.
 g - a +0 ring mail (worn)
Jewellery
 f - an amulet of the acrobat (around neck)
Scrolls
 k - a scroll of identify
Potions
 d - 2 potions of curing
 i - a potion of haste {unknown}
 j - a potion of berserk rage {unknown}

Dungeon Overview and Level Annotations

Branches:
Dungeon (3/15)

Altars:
The Shining One

Shops:
D:1 (

Annotations:
D:3 Grinder


Message History

Grinder comes into view.
Grinder shouts!
Grinder gestures at you. Pain shoots through your body!
You hit Grinder. You claw Grinder.
Grinder is moderately wounded.
Grinder completely misses you.
You hit Grinder. You peck Grinder.
Grinder is moderately wounded.
You block Grinder's attack.
You closely miss Grinder. Your kick misses Grinder. You peck Grinder.
Grinder is heavily wounded.
Grinder barely misses you.
You closely miss Grinder. You claw Grinder, but do no damage.
Grinder is heavily wounded.
Grinder blinks!
Grinder gestures at you. You resist with significant effort.
You hit Grinder. You claw Grinder!
Grinder is severely wounded.
Grinder barely misses you.
You hit Grinder. Your kick misses Grinder.
Grinder is severely wounded.
Grinder gestures at you.
You suddenly lose the ability to move!
Grinder hits you!
You writhe in agony.
Grinder hits you.
You writhe in agony.
You can move again.
You hit Grinder. Your peck misses Grinder.
Grinder is almost dead.
Grinder hits you.
You writhe in agony.
You hit Grinder but do no damage. You peck Grinder, but do no damage.
Grinder is almost dead.
Grinder rolls her eyes.
Grinder barely misses you.
You hit Grinder. You peck Grinder.
Grinder is almost dead.
Grinder gestures at you. Pain shoots through your body!
You die...

##############
#..@5#......<#
.#
####.#.####.##
.. #....#.#
#.# .##
#.####.# #.#
..#
#......####.#
#.#
########....#
#># #...[.##
#.#####
#.#.#.#
#.....#
#...#.#


You could see Grinder.

Vanquished Creatures
  Robin (D:2)
  An adder (D:3)
  A worm (D:2)
  A dart slug (D:2)
  7 endoplasms
  5 giant cockroaches
  14 goblins
  5 hobgoblins
  2 kobolds (D:1)
  2 quokkas
  7 ball pythons
  8 bats
  2 frilled lizards
  3 rats
59 creatures vanquished.

Notes
Turn   | Place    | Note
-------+----------+-------------------------------------------
     0 | D:1      | qw the Tengu Warper began the quest for the Orb.
     0 | D:1      | Reached XP level 1. HP: 12/12 MP: 4/4
     0 | D:1      | 0 ||| qw: Version: 0.1-a-89-g26bdef1
     0 | D:1      | 0 ||| qw: Game counter: 1811
     0 | D:1      | 0 ||| qw: Always use a shield: true
     0 | D:1      | 0 ||| qw: God list: Okawaru
     0 | D:1      | 0 ||| qw: Allow faded altars: false
     0 | D:1      | 0 ||| qw: Do Orc after D:15 true
     0 | D:1      | 0 ||| qw: Do second Lair branch before Depths: true
     0 | D:1      | 0 ||| qw: Lair rune preference: random
     0 | D:1      | 0 ||| qw: Plans: Normal
     0 | D:1      | 0 ||| PLANNING D:1-11
    97 | D:1      | Reached XP level 2. HP: 12/17 MP: 6/6
    99 | D:1      | Reached skill level 3 in Axes
   458 | D:1      | Found Qapiumm's Antique Weapon Shop.
   470 | D:1      | 470 ||| SHOPLISTING flail (73 gold, have 47).
   470 | D:1      | 470 ||| SHOPLISTING glowing broad axe (147 gold, have 47).
   934 | D:1      | Reached XP level 3. HP: 21/21 MP: 7/7
   966 | D:1      | 966 ||| UPGRADING to +0 ring mail.
   976 | D:1      | 976 ||| DROPPING +0 leather armour.
   977 | D:1      | 977 ||| READING scroll labelled TAIFRUKKITT.
   977 | D:1      | Identified a scroll of acquirement
   977 | D:1      | 977 ||| ACQUIRING +3 buckler "Zamaewk" {rElec Stlth+}
   977 | D:1      | Acquired the +3 buckler "Zamaewk" {rElec Stlth+}
   979 | D:1      | 979 ||| UPGRADING to +3 buckler "Zamaewk" {rElec Stlth+}.
   984 | D:1      | 984 ||| READING scroll labelled XAEMEV TYHUR.
   985 | D:1      | 985 ||| DROPPING scroll of blinking.
  1120 | D:2      | You fall into a shaft and drop 1 floor!
  1133 | D:3      | Found a glowing golden altar of the Shining One.
  1194 | D:3      | 1194 ||| Stepping ~*~*~tactically~*~*~ (stealth).
  1199 | D:3      | 1199 ||| Stepping ~*~*~tactically~*~*~ (stealth).
  1210 | D:3      | Reached skill level 1 in Shields
  1358 | D:3      | 1358 ||| Stepping ~*~*~tactically~*~*~ (stealth).
  1367 | D:3      | Reached skill level 4 in Axes
  1369 | D:3      | 1369 ||| Stepping ~*~*~tactically~*~*~ (stealth).
  1511 | D:3      | 1511 ||| UPGRADING to amulet of the acrobat.
  1516 | D:3      | 1516 ||| READING scroll labelled KARHEV LUATU.
  1517 | D:3      | 1517 ||| READING scroll labelled NIUTIERURR.
  1521 | D:3      | 1521 ||| DRINKING 2 brown potions.
  1651 | D:2      | 1651 ||| Stepping ~*~*~tactically~*~*~ (stealth).
  1653 | D:2      | 1653 ||| Stepping ~*~*~tactically~*~*~ (hiding).
  1843 | D:2      | Found a faded altar of an unknown god.
  1936 | D:2      | Noticed Robin
  1937 | D:2      | 1937 ||| Stepping ~*~*~tactically~*~*~ (hiding).
  2039 | D:2      | 2039 ||| Stepping ~*~*~tactically~*~*~ (hiding).
  2141 | D:2      | 2141 ||| Stepping ~*~*~tactically~*~*~ (hiding).
  2243 | D:2      | 2243 ||| Stepping ~*~*~tactically~*~*~ (hiding).
  2345 | D:2      | 2345 ||| Stepping ~*~*~tactically~*~*~ (hiding).
  2354 | D:2      | Reached XP level 4. HP: 24/26 MP: 8/8
  2355 | D:2      | Killed Robin
  2369 | D:2      | 2369 ||| Stepping ~*~*~tactically~*~*~ (stealth).
  2372 | D:2      | 2372 ||| FLEEEEING.
  2373 | D:2      | 2373 ||| FLEEEEING.
  2374 | D:2      | 2374 ||| FLEEEEING.
  2375 | D:2      | 2375 ||| FLEEEEING.
  2376 | D:2      | 2376 ||| FLEEEEING.
  2377 | D:2      | 2377 ||| FLEEEEING.
  2378 | D:2      | 2378 ||| FLEEEEING.
  2379 | D:2      | 2379 ||| FLEEEEING.
  2380 | D:2      | 2380 ||| FLEEEEING.
  2382 | D:2      | 2382 ||| FLEEEEING.
  2384 | D:2      | 2384 ||| FLEEEEING.
  2385 | D:2      | 2385 ||| FLEEEEING.
  2386 | D:2      | 2386 ||| FLEEEEING.
  2387 | D:2      | 2387 ||| FLEEEEING.
  2391 | D:2      | 2391 ||| FLEEEEING.
  2392 | D:2      | 2392 ||| FLEEEEING.
  2395 | D:2      | 2395 ||| FLEEEEING.
  2396 | D:2      | 2396 ||| FLEEEEING.
  2515 | D:2      | 2515 ||| Stepping ~*~*~tactically~*~*~ (stealth).
  3034 | D:2      | 3034 ||| READING scroll labelled TEFUACIETI.
  3035 | D:2      | 3035 ||| READING scroll labelled FEPTOE IBERPH.
  3036 | D:2      | 3036 ||| READING scroll labelled LALIEGEPINN.
  3178 | D:3      | Noticed Grinder
  3185 | D:3      | Paralysed by Grinder for 3 turns
  3188 | D:3      | HP: 6/26 [Grinder (1)]
  3188 | D:3      | HP: 1/26 [Grinder (5)]
  3190 | D:3      | Killed from afar by Grinder

Levels and vault maps discovered:
D:1:      elethiomel_arrival_quiet, layout_basic, serial_shops,
          nicolae_lakefront_shop
D:2:      layout_basic, chequers_ecumenical_altar_grove, grunt_ministairs_9,
          wad_floor_pattern_untrapped, uniq_robin
D:3:      layout_basic, mainiacjoe_overflow_catwalk, uniq_grinder

Skill      XL: |  1  2  3 |
---------------+----------+-----
Axes           | 3 4 |  4.9
Shields        | 1 |  1.0
Fighting       | |  2.0
Throwing       | |  1.0
Armour         | |  1.1
Dodging        | |  2.1
Spellcasting   | |  2.0
Translocations | |  2.4

Action                   |  1- 3 |  4- 6 || total
-------------------------+-------+-------++-------
Melee: Hand axe          |    84 |    44 ||   128
       Kick              |    28 |    11 ||    39
       Peck              |     9 |     6 ||    15
Throw: Boomerang         |     7 |       ||     7
  Use: Scroll            |     4 |     3 ||     7
       Potion            |     1 |       ||     1
 Stab: Distracted        |       |     1 ||     1
Armor: Leather armour    |    10 |       ||    10
       Ring mail         |    10 |     5 ||    15
Dodge: Dodged            |    31 |    14 ||    45
Block: Buckler           |    11 |     4 ||    15

Table legend:
 A = Non-vault XP
 B = Vault XP
 C = Vault XP percentage of total XP
 D = Non-vault monster count
 E = Vault monster count
 F = Vault count percentage of total count
                 A         B        C        D         E       F
            +---------+---------+-------+---------+---------+-------
      Total |      92 |      39 |  29.8 |      44 |      15 |  25.4
            +---------+---------+-------+---------+---------+-------
        D:1 |      34 |       0 |   0.0 |      19 |       0 |   0.0
        D:2 |      29 |      39 |  57.4 |      13 |      15 |  53.6
        D:3 |      29 |       0 |   0.0 |      12 |       0 |   0.0
            +---------+---------+-------+---------+---------+-------
